 Dungeon Crawl Stone Soup version 0.30.0-10-gfe55d96785 (webtiles) character file.

Game seed: 1200693790316165405

86 Kenran the Slasher (level 4, 0/58 HPs)
             Began as a Minotaur Cinder Acolyte on May 16, 2023.
             Was a High Priest of Ignis.
             Succumbed to a kobold's poison
             ... on level 3 of the Dungeon.
             The game lasted 00:03:06 (2020 turns).

Kenran the Slasher (Minotaur Cinder Acolyte)        Turns: 2020, Time: 00:03:07

Health: 0/58       AC:  6    Str: 18    XL:     4   Next: 27%
Magic:  4/4        EV: 10    Int: 11    God:    Ignis [*****.]
Gold:   99         SH:  0    Dex:  8    Spells: 5/5 levels left

rFire   + . .        a - -1 falchion (flame)
rCold   . . .        (no shield)
rNeg    . . .        b - +0 ring mail
rPois   .            (helmet restricted)
rElec   .            c - +0 cloak
rCorr   .            (no gloves)
SInv    .            (no boots)
Will    +....        (no amulet) Stlth
                     f - ring of willpower
HPRegen 0.29/turn    (no ring)
MPRegen 0.09/turn

%: no passive effects
@: berserking (expiring), lethally poisoned (0 -> -5), very quick
A: horns 2, retaliatory headbutt
a: Renounce Religion, Fiery Armour, Foxfire Swarm, Rising Flame


You were on level 3 of the Dungeon.
You worshipped Ignis.
Ignis was extremely pleased with you.
You visited 1 branch of the dungeon, and saw 3 of its levels.

You collected 99 gold pieces.

Inventory:

Hand Weapons
 a - a -1 falchion of flaming (weapon)
Missiles
 h - a throwing net (quivered)
Armour
 b - a +0 ring mail (worn)
 c - a +0 cloak (worn)
Jewellery
 f - a ring of willpower (left hand)
Scrolls
 d - 5 scrolls of teleportation
 e - a scroll of magic mapping
 g - a scroll of poison {!r}
 j - 2 scrolls of blinking
 k - a scroll of silence
 n - a scroll of identify {@r1}
Potions
 l - 2 potions of magic
 m - a potion of mutation {unknown}


   Skills:
 - Level 3.6 Fighting
 + Level 6.2 Long Blades
 - Level 1.0 Spellcasting
 - Level 2.1 Fire Magic


You had 5 spell levels left.
You didn't know any spells.
Your spell library contained the following spells:

 Spells                   Type           Power      Damage    Failure   Level
 Scorch                   Fire           10%        2d5       34%         2
 Sublimation of Blood     Necr           0%         N/A       65%         2
 Wereblood                Tmut           0%         N/A       65%         2
 Summon Hydra             Summ           0%         N/A       100%        7


Dungeon Overview and Level Annotations

Branches:
Dungeon (3/15)

Altars:


Innate Abilities, Weirdness & Mutations

You have a pair of horns on your head.
You reflexively headbutt those who attack you in melee.


Message History

You are lethally poisoned!
The rat bites you but does no damage.
You hit the kobold. You burn the kobold.
You kill the kobold!
* * * LOW HITPOINT WARNING * * *
You feel very sick. The rat bites you but does no damage.
It was a potion of berserk rage.
A red film seems to cover your vision as you go berserk!
You feel yourself moving faster!
You feel mighty!
* * * LOW HITPOINT WARNING * * *
You feel very sick. The rat bites you.
* * * LOW HITPOINT WARNING * * *
You are too berserk!
Unknown command.
You are too berserk!
You slash the rat! You burn the rat.
You kill the rat!
* * * LOW HITPOINT WARNING * * *
You feel very sick. The dart slug launches a dart at you.
The slug dart hits you.
* * * LOW HITPOINT WARNING * * *
* * * LOW HITPOINT WARNING * * *
You feel sick.
Things that are here:
a +1 dagger of venom; a kobold corpse You slash the dart slug!
You burn the dart slug.
You kill the dart slug!
* * * LOW HITPOINT WARNING * * *
You feel sick.
* * * LOW HITPOINT WARNING * * *
You feel sick.
You see here a dart slug corpse.
You feel a strong urge to attack something.
* * * LOW HITPOINT WARNING * * *
You feel sick.
You see here a rat corpse.
You die...

...............
.....................
......................
................(.....
.....................
#####+...................
#........................
#...............†........
#...............@†.......
#........†...............
#..............[.........
#........................
#........####.......#..##
#......### #########....
####...# ##. #.#.# ...#.#


There were no monsters in sight!

Vanquished Creatures
  Crazy Yiuf (D:2)
  An adder (D:2)
  3 dart slugs
  4 ball pythons (D:1)
  4 bats
  4 endoplasms
  A giant cockroach (D:1)
  2 goblins (D:1)
  5 hobgoblins
  3 jackals (D:2)
  6 kobolds
  2 quokkas (D:1)
  3 frilled lizards
  2 rats
41 creatures vanquished.

Notes
Turn   | Place    | Note
-------+----------+-------------------------------------------
     0 | D:1      | Kenran the Minotaur Cinder Acolyte began the quest for the
                  | Orb.
     0 | D:1      | Reached XP level 1. HP: 19/19 MP: 1/1
   122 | D:1      | Reached skill level 4 in Long Blades
   249 | D:1      | Reached XP level 2. HP: 26/26 MP: 2/2
   483 | D:1      | Reached skill level 5 in Long Blades
   538 | D:1      | Reached XP level 3. HP: 31/31 MP: 3/3
  1402 | D:2      | Found a runed translucent door.
  1403 | D:2      | Noticed Crazy Yiuf
  1412 | D:2      | Killed Crazy Yiuf
  1413 | D:2      | Reached skill level 6 in Long Blades
  1413 | D:2      | Reached XP level 4. HP: 6/39 MP: 4/4
  2018 | D:3      | HP: 2/58 [poisoned by a kobold]
  2020 | D:3      | Succumbed to a kobold's poison

Illustrated notes

Levels and vault maps discovered:
D:1:      dpeg_arrival_signposts, layout_basic
D:2:      layout_basic, uniq_crazy_yiuf_cottage
D:3:      layout_basic, yredelemnul_forgotten_temple_becter, wad_floor_pattern_1

Skill      XL: |  1  2  3 |
---------------+----------+-----
Long Blades    | 4 5 6 |  6.2
Fighting       | |  3.6
Spellcasting   | |  1.0
Fire Magic     | |  2.1

Action                     |  1- 3 |  4- 6 || total
---------------------------+-------+-------++-------
  Melee: Falchion          |    67 |    27 ||    94
         Headbutt          |     9 |     2 ||    11
         Punch             |     1 |       ||     1
    Use: Scroll            |     5 |       ||     5
         Potion            |       |     3 ||     3
 Armour: Robe              |    12 |       ||    12
         Ring mail         |     1 |    12 ||    13
         Leather armour    |     1 |       ||     1
  Dodge: Dodged            |    37 |    12 ||    49
